 Dungeon Crawl Stone Soup version 0.27.1 (webtiles) character file.

Game seed: 14048592121468354199

70 ZARRMARR the Digger (level 4, -8/24 HPs)
             Began as a Deep Elf Earth Elementalist on Aug 30, 2021.
             Splashed by Ijyb's acid (14 damage)
             ... on level 3 of the Dungeon.
             The game lasted 00:07:54 (2107 turns).

ZARRMARR the Digger (Deep Elf Earth Elementalist)   Turns: 2107, Time: 00:07:56

Health: -8/24      AC:  2    Str:  5    XL:     4   Next: 4%
Magic:  0/12       EV: 12    Int: 21    God:
Gold:   120        SH:  0    Dex: 15    Spells: 5/11 levels left

rFire    . . .     SeeInvis .   (no weapon)
rCold    . . .     Faith    .   (no shield)
rNeg     . . .     Spirit   .   b - +0 robe
rPois    .         Reflect  .   (no helmet)
rElec    .         Harm     .   (no cloak)
rCorr    .         Rampage  .   (no gloves)
Will     .....                  (no boots)
Stlth    ++........             (no amulet)
HPRegen  0.08/turn              (no ring)
MPRegen  0.13/turn              (no ring)

@: no status effects
A: no striking features
a: no special abilities


You were on level 3 of the Dungeon.
You visited 1 branch of the dungeon, and saw 3 of its levels.

You collected 120 gold pieces.

Inventory:

Missiles
 c - 75 stones
 k - 14 poisoned darts (quivered)
Armour
 b - a +0 robe (worn)
Scrolls
 h - 2 scrolls of teleportation
 j - a scroll of blinking
Potions
 a - a potion of mutation {unknown}
 d - 2 potions of heal wounds
 f - a potion of degeneration {unknown}
 g - 2 potions of curing {unknown}
 i - 2 potions of resistance {unknown}


   Skills:
 + Level 2.5 Dodging
 + Level 3.0 Stealth
 + Level 4.2 Spellcasting
 - Level 1.1 Transmutations
 + Level 4.5 Earth Magic


You had 5 spell levels left.
You knew the following spells:

 Your Spells              Type           Power      Damage    Failure   Level
a - Sandblast             Erth           46%        2d11      1%          1
b - Stone Arrow           Conj/Erth      26%        3d8       14%         3
c - Passwall              Tmut/Erth      13%        N/A       5%          2

Your spell library contained the following spells:

 Spells                   Type           Power      Damage    Failure   Level
 Petrify                  Tmut/Erth      16%        N/A       36%         4


Dungeon Overview and Level Annotations

Branches:
Dungeon (3/15)

Altars:

Shops:
D:2 [

Annotations:
D:3 Ijyb


Message History

Confirm with . or Enter, or press ? or * to list all spells.
Aiming: Sandblast (safe; 1% risk of failure)
Press: ? - help, Shift-Dir - straight line, f/p - Ijyb
Aim: Ijyb, wielding a +0 club, wearing a +0 leather armour and carrying a wand of acid (7) (moderately wounded, poisoned, 76% to hit)
The blast of sand hits Ijyb!
Ijyb is severely wounded.
c - 78 stones Ijyb looks more healthy.
Ijyb closely misses you.
Casting: Sandblast (safe; 1% risk of failure)
Confirm with . or Enter, or press ? or * to list all spells.
Aiming: Sandblast (safe; 1% risk of failure)
Press: ? - help, Shift-Dir - straight line, f/p - Ijyb
Aim: Ijyb, wielding a +0 club, wearing a +0 leather armour and carrying a wand of acid (7) (severely wounded, 76% to hit)
The blast of sand misses Ijyb.
c - 77 stones Ijyb zaps a wand.
The bolt of acid misses you.
Casting: Sandblast (safe; 1% risk of failure)
Confirm with . or Enter, or press ? or * to list all spells.
Aiming: Sandblast (safe; 1% risk of failure)
Press: ? - help, Shift-Dir - straight line, f/p - Ijyb
Aim: Ijyb, wielding a +0 club, wearing a +0 leather armour and carrying a wand of acid (6) (severely wounded, 76% to hit)
The blast of sand hits Ijyb.
Ijyb is almost dead.
c - 76 stones Ijyb hits you with a +0 club.
Casting: Sandblast (safe; 1% risk of failure)
Confirm with . or Enter, or press ? or * to list all spells.
Aiming: Sandblast (safe; 1% risk of failure)
Press: ? - help, Shift-Dir - straight line, f/p - Ijyb
Aim: Ijyb, wielding a +0 club, wearing a +0 leather armour and carrying a wand of acid (6) (almost dead, 76% to hit)
The blast of sand misses Ijyb.
c - 75 stones Ijyb closely misses you.
You hit Ijyb but do no damage.
Ijyb is almost dead.
Ijyb zaps a wand.
The bolt of acid hits you!
* * * LOW HITPOINT WARNING * * *
You are splashed with acid!
Ouch! That really hurt!
You die...

... ..... #.. ....
..(.. ... .. #..(.
.. ##.(.
###....####.###....#
..................#
.......g#.##..#†.#
......#.@....#.(.#
#.............#
##............####
#....#...........
#....#..<..######
####.......#
#.#.....# #.#.....#
#.#........


You could see Ijyb.

Vanquished Creatures
  3 adders
  3 bats
  7 endoplasms
  4 giant cockroaches
  3 hobgoblins
  A kobold (D:2)
  2 quokkas
  5 ball pythons (D:2)
  4 frilled lizards
  3 goblins
  8 rats
43 creatures vanquished.

Notes
Turn   | Place    | Note
-------+----------+-------------------------------------------
     0 | D:1      | ZARRMARR the Deep Elf Earth Elementalist began the quest
                  | for the Orb.
     0 | D:1      | Reached XP level 1. HP: 10/10 MP: 6/6
   351 | D:1      | Reached XP level 2. HP: 15/15 MP: 6/8
   691 | D:1      | Found a faded altar of an unknown god.
  1045 | D:2      | Found Optexzots's Antique Armour Emporium.
  1236 | D:2      | Reached XP level 3. HP: 19/19 MP: 8/10
  1240 | D:2      | Learned a level 3 spell: Stone Arrow
  2010 | D:2      | Learned a level 2 spell: Passwall
  2096 | D:3      | Noticed Ijyb
  2098 | D:3      | Reached XP level 4. HP: 24/24 MP: 6/12
  2107 | D:3      | Splashed by Ijyb's acid

Illustrated notes

Levels and vault maps discovered:
D:1:      shiori_arrival_maze, layout_basic, shapermc_ecumenical_altar_pompeii
D:2:      layout_basic, serial_shops, shop
D:3:      layout_rooms, lemuel_doored_altar, cheibrodos_gnoll_hut, uniq_ijyb

Skill      XL: |  1  2  3 |
---------------+----------+-----
Earth Magic    | 4 |  4.5
Spellcasting   | 4 |  4.2
Stealth        | 3 |  3.0
Dodging        | |  2.5
Transmutations | |  1.1

Action                   |  1- 3 |  4- 6 || total
-------------------------+-------+-------++-------
Melee: Unarmed           |       |     1 ||     1
Throw: Dart              |     6 |     1 ||     7
 Cast: Sandblast         |    41 |     7 ||    48
       Stone Arrow       |     8 |       ||     8
  Use: Scroll            |     4 |       ||     4
Armor: Robe              |     1 |       ||     1
Dodge: Dodged            |     3 |     4 ||     7
